 Dungeon Crawl Stone Soup version 0.24-a0-462-ge24419a6ad (console) character file.

Game seed: 4838593857726530774

159 Lexodia the Vexing (level 5, -3/35 HPs)
             Began as a Demonspawn Enchanter on July 2, 2019.
             Was a Follower of Uskayaw.
             Engulfed by a cloud of flame (12 damage)
             ... on level 2 of the Dungeon.
             The game lasted 00:06:53 (2398 turns).

Lexodia the Vexing (Demonspawn Enchanter)           Turns: 2398, Time: 00:06:53

Health: -3/35      AC:  3    Str:  8    XL:     5   Next: 17%
Magic:  9/9        EV: 12    Int: 16    God:    Uskayaw [*.....]
Gold:   138        SH:  2    Dex: 15    Spells: 6/9 levels left

rFire    + . .     SeeInvis .   a - +1 dagger
rCold    + . .     Gourm    .   (no shield)
rNeg     . . .     Faith    .   b - +0 robe
rPois    .         Spirit   .   (no helmet)
rElec    .         Reflect  +   (no cloak)
rCorr    .         Harm     .   m - +0 pair of gloves
MR       .....                  (no boots)
Stlth    ++........             j - +2 amulet of reflection (curse)
HPRegen  0.11/turn              n - ring of wizardry
MPRegen  0.11/turn              u - ring of protection from fire

@: no status effects
A: hooves 1, cold resistance 1, freezing cloud immunity
a: Stomp, Renounce Religion


You were on level 2 of the Dungeon.
You worshipped Uskayaw.
Uskayaw was noncommittal.
You were hungry.

You visited 1 branch of the dungeon, and saw 4 of its levels.

You collected 138 gold pieces.

Inventory:

Hand Weapons
 a - a +1 dagger (weapon)
Armour
 b - a +0 robe (worn)
 m - a +0 pair of gloves (worn)
Jewellery
 j - a cursed +2 amulet of reflection (around neck)
 n - a ring of wizardry (left hand)
 u - a ring of protection from fire (right hand)
Scrolls
 g - a scroll of blinking {unknown}
 h - a scroll of immolation {unknown}
 k - 3 scrolls of identify {unknown}
 l - 3 scrolls of magic mapping {unknown}
 p - 2 scrolls of enchant armour {unknown}
 q - 4 scrolls of teleportation {unknown}
 v - a scroll of noise {unknown}
Potions
 e - a potion of lignification {unknown}
 f - a potion of flight {unknown}
 i - a potion of agility {unknown}
 o - a potion of magic {unknown}
 r - 2 potions of curing {unknown}
 s - a potion of mutation {unknown}
 t - a potion of might {unknown}
Comestibles
 d - 4 rations


   Skills:
 * Level 2.4 Short Blades
 - Level 2.0 Dodging
 + Level 3.3 Stealth
 + Level 2.6 Spellcasting
 + Level 3.5 Hexes
 * Level 2.7 Invocations


You had 6 spell levels left.
You knew the following spells:

 Your Spells              Type           Power        Failure   Level  Hunger
a - Corona                Hex            ##.....      1%          1    #......
b - Ensorcelled Hibernat  Hex/Ice        #.....       6%          2    ##.....

Your spell library contained the following spells:

 Spells                   Type           Power        Failure   Level  Hunger
 Confuse                  Hex            ##......     6%          3    ###....
 Tukima's Dance           Hex            ##......     6%          3    ###....
 Dazzling Spray           Conj/Hex       #.....       12%         3    ###....


Dungeon Overview and Level Annotations

Branches:
Dungeon (4/15)
 Temple: D:4-7

Altars:
Ashenzari
Trog
Uskayaw
Wu Jian


Innate Abilities, Weirdness & Mutations

You have large cloven feet.
Your flesh is cold resistant. (rC+)
You are immune to freezing clouds.


Message History

Magic restored.
You start resting.
Some of the chunks of flesh in your inventory have rotted away. x2
All of the chunks of flesh in your inventory have rotted away.
HP restored.
Really walk into a travel-excluded area?
Really walk into that cloud of flame?
Okay, then.
You are engulfed in blazing flames.
You resist.
Huge Dmg: -22%(-8hp) hp: 78%(27hp)
You start resting.
You are feeling hungry.
Really walk into that cloud of flame?
You are engulfed in blazing flames.
You resist.
Huge Dmg: -40%(-14hp) hp: 52%(18hp)
You are engulfed in blazing flames.
You resist.
* * * LOW HITPOINT WARNING * * *
Huge Dmg: -26%(-9hp) hp: 26%(9hp)
You are engulfed in blazing flames.
You resist.
You die...

..#########
#§○§# #.# ..#
######...#####.#
..#
#..§○.....☼§☼..#
)(#
#.☼.☼....)☼°°..#
###
#.§§☼.....§§☼..#
######...#####.#
#§☼§# #.# #○§☼#
#.# #§@§# #.#
#...# #.# ##....
..# ###### ###


There were no monsters in sight!

Vanquished Creatures
  A howler monkey (D:4)
  Terence (D:3)
  A hound skeleton (D:3)
  2 adders
  An ooze (D:3)
  A worm (D:2)
  A dart slug (D:2)
  2 leopard geckos
  An orc (D:3)
  6 bats
  5 giant cockroaches
  6 goblins
  5 hobgoblins
  A quokka (D:3)
  3 frilled lizards
  5 kobolds
  12 rats
54 creatures vanquished.

Notes
Turn   | Place    | Note
-------+----------+-------------------------------------------
     0 | D:1      | Lexodia the Demonspawn Enchanter began the quest for the
                  | Orb.
     0 | D:1      | Reached XP level 1. HP: 13/13 MP: 3/3
   120 | D:1      | Reached skill level 1 in Short Blades
   222 | D:1      | Gained mutation: Your flesh is cold resistant. (rC+)
                  | [demonic ancestry]
   222 | D:1      | Reached XP level 2. HP: 17/19 MP: 3/5
   459 | D:2      | Found a hide-covered altar of Uskayaw.
   475 | D:2      | Became a worshipper of Uskayaw the Reveler
   507 | D:2      | Reached * piety under Uskayaw
   508 | D:2      | Huge Dmg: 5 dmg
   510 | D:2      | Huge Dmg: 10 dmg
   514 | D:2      | Huge Dmg: 1 dmg
   533 | D:2      | Learned a level 2 spell: Ensorcelled Hibernation
   541 | D:2      | Found a shattered altar of Ashenzari.
   782 | D:3      | Reached ** piety under Uskayaw
   934 | D:3      | Reached skill level 1 in Invocations
   934 | D:3      | Reached XP level 3. HP: 23/24 MP: 6/6
   962 | D:3      | Huge Dmg: 3 dmg
  1366 | D:3      | Noticed Terence
  1372 | D:3      | Killed Terence
  1372 | D:3      | Gained mutation: You have large cloven feet. [demonic
                  | ancestry]
  1372 | D:3      | Reached XP level 4. HP: 28/30 MP: 7/7
  1877 | D:2      | Found an ornate altar of the Wu Jian Council.
  1877 | D:2      | Found a bloodstained altar of Trog.
  1934 | D:2      | Gained mutation: You are immune to freezing clouds.
                  | [demonic ancestry]
  1934 | D:2      | Reached XP level 5. HP: 35/35 MP: 1/8
  2108 | D:2      | Huge Dmg: 11 dmg
  2109 | D:2      | Huge Dmg: 10 dmg
  2353 | D:2      | Huge Dmg: 8 dmg
  2397 | D:2      | Huge Dmg: 14 dmg
  2398 | D:2      | Huge Dmg: 9 dmg
  2398 | D:2      | Engulfed by a cloud of flame

Levels and vault maps discovered:
D:1:      dpeg_arrival_pits, layout_basic
D:2:      layout_basic, eat_drink_and_be_merry_uskayaw, ashenzari_altar_1,
          nicolae_overflow_hidden_temple, lemuel_flame_loot_1
D:3:      layout_basic, uniq_terence
D:4:      layout_loops_ring, nicolae_qazlal_general_emergency, serial_shops,
          shop, nicolae_tso_swordbearing_angel, uniq_purgy

Skill      XL: |  1  2  3  4 |
---------------+-------------+-----
Short Blades   | 1 2 |  2.4
Dodging        | 2 |  2.0
Stealth        | 3 |  3.3
Invocations    | 1 2 |  2.7
Spellcasting   | |  2.6
Hexes          | |  3.5

Action                   |  1- 3 |  4- 6 || total
-------------------------+-------+-------++-------
Melee: Dagger            |    83 |    38 ||   121
       Kick              |       |     7 ||     7
 Cast: Corona            |     7 |     1 ||     8
       Ensorcelled Hiber |    11 |    15 ||    26
Invok: Stomp             |       |     1 ||     1
 Stab: Sleeping          |    19 |     9 ||    28
       Distracted        |       |     1 ||     1
  Eat: Chunk             |     2 |     4 ||     6
Armor: Robe              |    14 |     3 ||    17
Dodge: Dodged            |    51 |    18 ||    69
Block: Other             |     3 |     4 ||     7

Table legend:
 A = Non-vault XP
 B = Vault XP
 C = Vault XP percentage of total XP
 D = Non-vault monster count
 E = Vault monster count
 F = Vault count percentage of total count
                 A         B        C        D         E       F
            +---------+---------+-------+---------+---------+-------
      Total |     192 |      36 |  15.8 |      53 |       1 |   1.9
            +---------+---------+-------+---------+---------+-------
        D:1 |      17 |       0 |   0.0 |      10 |       0 |   0.0
        D:2 |      40 |       0 |   0.0 |      15 |       0 |   0.0
        D:3 |      80 |      36 |  31.0 |      27 |       1 |   3.6
        D:4 |      55 |       0 |   0.0 |       1 |       0 |   0.0
            +---------+---------+-------+---------+---------+-------
